 Dungeon Sprint DCSS version 0.31-a0-1-g4198be8af4 (webtiles) character file.

Game seed: 8135431935441833337

77 fozzywoppz the Trooper (level 4, -24/36 HPs)
             Began as an Octopode Monk on May 1, 2023.
             Was a Priest of Qazlal.
             Killed from afar by a wretched star (37 damage)
             ... with a lance of force
             ... in the Dungeon (Sprint V: "Ziggurat Sprint").
             The game lasted 00:02:18 (96 turns).

fozzywoppz the Trooper (Octopode Monk)                Turns: 96, Time: 00:02:19

Health: -24/36     AC:  1    Str: 24    XL:     4   Next: 33%
Magic:  4/4        EV: 17    Int: 24    God:    Qazlal [***...]
Gold:   0          SH:  3    Dex: 22    Spells: 3/3 levels left

rFire   . . .        E - +6 shillelagh "Devastator" {shatter}
rCold   . . .        c - orb {light}
rNeg    . . .        (helmet restricted)
rPois   .            (no amulet)
rElec   .            v - +6 ring of dexterity
rCorr   .            w - +6 ring of dexterity
SInv    .            x - +6 ring of intelligence
Will    .....        y - +6 ring of intelligence
Stlth   +            z - +6 ring of strength
HPRegen 0.26/turn    A - +6 ring of strength
MPRegen 0.09/turn    (no ring)
                     (no ring)

%: no teleportation
@: glowing
A: almost no armour, amphibious, 8 rings, camouflage 1, gelatinous body 1,
(nimble swimmer 1), tentacles, [clumsy 2], [subdued magic 2]
a: Renounce Religion, Upheaval, Elemental Force


You were in the Dungeon.
You worshipped Qazlal.
Qazlal was most pleased with you.
You visited 1 branch

Inventory:

Hand Weapons
 a - the +7 great mace "Firestarter" {flame, immolate, rFlCloud rF++}
   (You found it in the Dungeon)

   rFlCloud:  It grants immunity to clouds of flame.
   rF:        It greatly protects you from fire.
 D - a +5 great mace
 E - the +6 shillelagh "Devastator" (weapon) {shatter}
   (You found it in the Dungeon)
Armour
 c - an orb of light (worn)
 C - a +3 tower shield
Jewellery
 u - a ring of flight
 v - a +6 ring of dexterity (left tentacle)
 w - a +6 ring of dexterity (right tentacle)
 x - a +6 ring of intelligence (on tentacle)
 y - a +6 ring of intelligence (on tentacle)
 z - a +6 ring of strength (on tentacle)
 A - a +6 ring of strength (on tentacle)
Wands
 m - a wand of digging (5)
 s - a wand of mindburst (7)
 t - a wand of acid (6)
 B - a wand of roots (12)
Scrolls
 i - 4 scrolls of blinking
 o - 4 scrolls of amnesia
 p - 7 scrolls of fog
 q - 5 scrolls of identify
 r - 2 scrolls of fear
Potions
 b - a potion of ambrosia
 d - 10 potions of curing
 e - 10 potions of heal wounds
 f - 6 potions of haste
 g - 7 potions of magic
 h - 3 potions of berserk rage
 j - 2 potions of brilliance
 k - 2 potions of invisibility
 l - 4 potions of resistance
 n - 5 potions of might


   Skills:
 + Level 6.0 Fighting
 + Level 5.9 Maces & Flails
 + Level 5.9 Dodging
 - Level 3.4 Shields


You had 3 spell levels left.
You didn't know any spells.
Your spell library was empty.

Dungeon Overview and Level Annotations

Branches:
Dungeon (1/1)

Altars:
Ashenzari
Cheibriados
Dithmenos
Elyvilon
Fedhas
Gozag
Hepliaklqana
Kikubaaqudgha
Makhleb
Nemelex Xobeh
Okawaru
Qazlal
Ru
Sif Muna
Trog
Uskayaw
Vehumet
Wu Jian
Xom
Yredelemnul
Zin
The Shining One
Jiyva
Lugonu

Annotations:
D 1 transporter


Innate Abilities, Weirdness & Mutations

You cannot wear most types of armour.
You are amphibious.
You can wear up to eight rings at the same time.
Your skin changes colour to match your surroundings (Stealth+).
Your rubbery body absorbs attacks. (AC +1, EV +1)
((You are camouflaged when in or above water. (Stealth+)))
You have tentacles for arms and can constrict up to eight enemies at once.
[You are very clumsy. (Dex -4)]
[Your spells are easier to cast, but less powerful.]


Message History

The quasit misses you. The quasit barely misses you.
You sock the quasit!
The quasit shudders.
You kill the quasit!
Qazlal accepts your kill.
You can now give life to nearby clouds.
The wretched star is lightly damaged.
You feel your dexterity returning.
You feel the corruption within you wane somewhat.
You lose the ability to read scrolls when taking damage less often.
You no longer become unable to read scrolls after taking damage.
Your Fighting skill increases to level 6!
You have reached level 4!
You thump the wretched star! You squeeze the wretched star!
The wretched star is moderately damaged.
The wretched star pulses with an eldritch light!
Your connection to magic feels subdued.
Your connection to magic feels more subdued.
Unknown command.
You hit the wretched star. You squeeze the wretched star.
The wretched star is heavily damaged.
Unknown command.
You hit the wretched star but do no damage.
You squeeze the wretched star!
The wretched star is heavily damaged.
The wretched star glows turbulently.
The lance of force hits you!
You are knocked back by the lance of force.
You slam into the unnaturally hard rock wall!
Aiming: Corrosive Bolt
Press: ? - help, Shift-Dir - straight line, f - wretched star
Aim: a wretched star (heavily damaged, haloed, 81% to hit)
The bolt of acid hits the wretched star.
The wretched star is heavily damaged.
Unknown command.
The wretched star pulses with an eldritch light!
You hit the wretched star.
The wretched star is heavily damaged.
The wretched star glows turbulently.
The lance of force hits you!!!
Ouch! That really hurt!
You die...

▓▓▓▓▓▓▓▓▓▓▓▓▓
▓.8©8.▓.8©8.▓
▓."|=.▓.....▓
▓.....▓.[...▓
▓.....▓.....▓
▓..*☼☼▓.....▓
▓...@.▓..©..▓
▓..©..▓▓▓▓▓▓▓
▓▓▓▓▓▓▓


You could see a wretched star.

Vanquished Creatures
  A jelly (D)
  A quasit (D)
  An ufetubus (D)
  An endoplasm (D)
4 creatures vanquished.

Notes
Turn   | Place    | Note
-------+----------+-------------------------------------------
     0 | D        | fozzywoppz the Octopode Monk began the quest for the Orb.
     0 | D        | Reached XP level 1. HP: 16/16 MP: 1/1
     0 | D        | Found a shimmering blue altar of Sif Muna.
     0 | D        | Found a sacrificial altar of Ru.
     0 | D        | Found a bloodstained altar of Trog.
     0 | D        | Found a stormy altar of Qazlal.
     0 | D        | Found an iron altar of Okawaru.
     0 | D        | Found a sparkling altar of Nemelex Xobeh.
     0 | D        | Found a blossoming altar of Fedhas.
     0 | D        | Found the +6 Majin-Bo {spellvamp, MP+6 Int+6}
     0 | D        | Found the +27 heavy crossbow "Sniper" {heavy, Acc+∞ SInv}
     0 | D        | Found the +10 dark maul {heavy}
     0 | D        | Found the +15 Maxwell's patent armour {-Cast -Tele rElec
                  | Will+ rCorr}
     0 | D        | Found the +18 shield of the Gong {Loud rN+ Will+ rCorr
                  | EV-5}
     0 | D        | Found the +16 obsidian axe {drain, demonic, Mesm Drain Fly
                  | SInv}
     0 | D        | Found the +7 great mace "Firestarter" {flame, immolate,
                  | rFlCloud rF++}
     0 | D        | Found the +6 shillelagh "Devastator" {shatter}
     0 | D        | Found the +11 plutonium sword {Contam Stlth-}
     0 | D        | Found the +8 lance "Wyrmbane" {slay drac, rPois rF+ rC+
                  | AC+3}
     0 | D        | Found the +9 sword of Zonguldrok {reap}
     0 | D        | Found the +13 scythe of Curses {drain, curses, Drain}
     0 | D        | Found the +9 sword of Power {lifebolt}
     0 | D        | Found the +7 mace of Variability {chaos, chaos arc}
     0 | D        | Found the +11 Singing Sword {sonic wave}
     0 | D        | Found the +8 storm bow {elec, penet}
     2 | D        | Found a transporter.
     2 | D        | Found an ancient bone altar of Kikubaaqudgha.
     2 | D        | Found a viscous altar of Jiyva.
     2 | D        | Found a corrupted altar of Lugonu.
     2 | D        | Found a hazy altar of Hepliaklqana.
     2 | D        | Found a burning altar of Makhleb.
     2 | D        | Found an opulent altar of Gozag.
    18 | D        | Became a worshipper of Qazlal Stormbringer
    18 | D        | Reached * piety under Qazlal
    18 | D        | Reached ** piety under Qazlal
    71 | D        | Reached skill level 4 in Fighting
    71 | D        | Reached XP level 2. HP: 23/23 MP: 2/2
    72 | D        | Entered arena 2.
    72 | D        | Found a transporter.
    75 | D        | Reached skill level 5 in Fighting
    75 | D        | Reached skill level 5 in Maces & Flails
    75 | D        | Reached skill level 5 in Dodging
    75 | D        | Reached XP level 3. HP: 29/29 MP: 3/3
    84 | D        | Entered arena 3.
    84 | D        | Noticed a wretched star
    84 | D        | Found a transporter.
    90 | D        | Reached *** piety under Qazlal
    91 | D        | Reached skill level 6 in Fighting
    91 | D        | Reached XP level 4. HP: 32/36 MP: 4/4
    96 | D        | Killed from afar by a wretched star

Illustrated notes

Levels and vault maps discovered:
D:        sprint_v [room_start, room_1, room_2, room_3, room_4, room_5, room_6,
          room_7, room_8, room_9, room_10, room_11, room_12, room_13, room_14,
          room_15, room_16, room_17, room_18, room_19, room_20, room_21,
          room_22, room_23, room_24, room_25, room_26, room_27]

Skill      XL: |  1  2  3 |
---------------+----------+-----
Fighting       | 4 5 6 |  6.0
Maces & Flails | 4 5 |  5.9
Dodging        | 4 5 |  5.9
Shields        | 3 |  3.4

Action                     |  1- 3 |  4- 6 || total
---------------------------+-------+-------++-------
  Melee: Shillelagh        |     6 |     4 ||    10
         Tentacles         |     1 |     3 ||     4
         Constrict         |     1 |       ||     1
  Evoke: Wand              |       |     1 ||     1
    Use: Potion            |     1 |       ||     1
 Armour: Skin              |     1 |       ||     1
  Dodge: Dodged            |     3 |       ||     3
  Block: Orb               |     1 |       ||     1

Table legend: (Time is in decaauts)
 A = Elapsed time spent in this place.
 B = Non-inter-level travel time spent in this place.
 C = Inter-level travel time spent in this place.
 D = Time resting spent in this place.
 E = Time spent auto-exploring this place.
 F = Levels seen in this place.
 G = Mean time per level.
                   A        B        C        D        E       F      G
               +--------+--------+--------+--------+--------+-----+--------+
         Total |     92 |     92 |      0 |      0 |      0 |   1 |   92.0 |
       Dungeon |     92 |     92 |      0 |      0 |      0 |   1 |   92.0 |
               +--------+--------+--------+--------+--------+-----+--------+

Top non-repeatable levels by time:
       D: 92 daAuts
